 Seeded DCSS version 0.30-a0-1066-g63dfefce0d (webtiles) character file.

Game seed: 13020561292390072626 (custom seed)

1808 Pimp the Covered (level 8, -4/72 HPs)
             Began as an Armataur Fighter on Apr 12, 2023.
             Slain by a manticore (5 damage)
             ... while paralysed by a hornet
             ... on level 6 of the Dungeon.
             The game lasted 00:08:06 (4238 turns).

Pimp the Covered (Armataur Fighter)                 Turns: 4238, Time: 00:08:07

Health: -4/72      AC: 15    Str: 22    XL:     8   Next: 84%
Magic:  13/13      EV:  1    Int: 17    God:
Gold:   221        SH:  0    Dex:  9    Spells: 14/14 levels left

rFire   . . .      SeeInvis .    e - +8 demon trident "Rift" {distort, reach+}
rCold   . . .      Faith    .    c - +1 buckler
rNeg    . . .      Spirit   .    b - +0 scale mail
rPois   .          Reflect  .    f - +2 helmet
rElec   .          Roll     +    (no cloak)
rCorr   .                        (no gloves)
Will    .....                    (no barding) Stlth
                                 (no amulet)
HPRegen 0.32/turn                B - +4 ring of protection
MPRegen 0.13/turn                x - +6 ring of intelligence

@: paralysed, lethally poisoned (-4 -> -8), spiked
A: large, rugged brown scales 3, deformed body, armoured tail, roll, long
tongue, awkward tongue
a: no special abilities


You were on level 6 of the Dungeon.
You visited 1 branch of the dungeon, and saw 8 of its levels.

You collected 221 gold pieces.

Inventory:

Hand Weapons
 a - a +0 long sword of electrocution
 e - the +8 demon trident "Rift" (weapon) {distort, reach+}
   (You acquired it on level 1 of the Dungeon)
Missiles
 C - a throwing net (quivered)
Armour
 b - a +0 scale mail (worn)
 c - a +1 buckler (worn)
 f - a +2 helmet (worn)
Jewellery
 j - a ring of see invisible
 p - a ring of wizardry
 x - a +6 ring of intelligence (right hand)
 B - a +4 ring of protection (left hand)
Wands
 h - a wand of polymorph (6)
 v - a wand of mindburst (8)
 y - a wand of paralysis (11)
Scrolls
 g - 4 scrolls of teleportation
 m - a scroll of blinking
 w - 2 scrolls of summoning {unknown}
 A - a scroll of fog {unknown}
 D - a scroll of enchant weapon {unknown}
Potions
 d - 2 potions of might
 i - a potion of berserk rage {unknown}
 k - 2 potions of curing
 l - 2 potions of cancellation
 n - a potion of mutation {unknown}
 o - 3 potions of heal wounds
 q - a potion of degeneration {unknown}
 r - 2 potions of magic
 s - 2 potions of ambrosia {unknown}
 t - a potion of resistance {unknown}
 u - 3 potions of brilliance {unknown}
 z - a potion of haste {unknown}


   Skills:
 + Level 5.0 Fighting
 - Level 2.0 Long Blades
 * Level 5.2 Polearms
 + Level 6.7 Armour
 + Level 6.0 Shields
 + Level 3.5 Spellcasting


You had 14 spell levels left.
You didn't know any spells.
Your spell library contained the following spells:

 Spells                   Type           Power      Damage    Failure   Level
 Static Discharge         Conj/Air       4%         2-3/arc   58%         2
 Airstrike                Air            1%         2d(1-17)  99%         4
 Summon Lightning Spire   Summ/Air       2%         N/A       99%         4


Dungeon Overview and Level Annotations

Branches:
Dungeon (8/15)             Temple (0/1) D:7
   Lair: D:8-11

Altars:
Ashenzari
Nemelex Xobeh
Qazlal
Wu Jian
Xom

Shops:
D:6 :

Annotations:
D:3 2 transporters


Innate Abilities, Weirdness & Mutations

You are completely covered in rugged brown scales. (AC +3, +7% HP)
Armour fits poorly on your strangely shaped body.
You have a long armoured tail.
You roll when moving toward enemies. (Rampage)
Your long tongue fully drains potion bottles. (2x potion effects)
Your tongue gives you trouble enunciating. (1.5x scroll delay)


Message History

You block the manticore's attack.
The manticore claws you but does no damage.
You feel sick.
The manticore flicks its tail.
The volley of spikes hits you.
The barbed spikes become lodged in your body.
The hornet stings you but does no damage.
You see here a +3 whip.
Reach: e) +8 demon trident "Rift" {distort, reach+}
Press: ? - help, Dir - move target, f - hornet
Aim: a hornet (about 45% to evade the +8 demon trident "Rift")
You closely miss the hornet.
Your tail-slap misses the hornet.
You feel sick.
The manticore flicks its tail.
The volley of spikes hits you!
The barbed spikes become lodged in your body.
The hornet barely misses you.
Reach: e) +8 demon trident "Rift" {distort, reach+}
Press: ? - help, Dir - move target, f - manticore, p - hornet
Aim: a manticore (about 24% to evade the +8 demon trident "Rift")
You puncture the manticore!
Space warps around the manticore.
The manticore is moderately wounded.
You feel sick.
You are no longer poisoned.
The hornet stings you.
You suddenly lose the ability to move!
The hornet stings you.
You are poisoned.
You feel yourself slow down.
You feel yourself speed up.
You feel sick. The manticore bites you!
* * * LOW HITPOINT WARNING * * *
The manticore claws you.
* * * LOW HITPOINT WARNING * * *
The manticore claws you but does no damage.
The hornet stings you but does no damage.
You feel sick.
The hornet stings you but does no damage.
The manticore bites you!
* * * LOW HITPOINT WARNING * * *
The manticore claws you.
You die...

#.#..#..#.######.##
...#..#..#_#......#
##..#..#..###)....#
##...#...####.....#
##########........# #
#.....#####.....# #
#.....#####.....########### #
#.#.##.......#Hy((†.......#
###.#.##.#######@##########.#
....#.##.#######.# #.#
......##.........# #.#
################## #.#
.................# #.#
################.# #.# #.#
#.# #.# #.# #.# #.#


You could see a manticore and a hornet.

Vanquished Creatures
  A hornet (D:8)
  A wyvern (D:6)
  4 water moccasins (D:6)
  An ogre (D:4)
  A black bear (D:6)
  A phantom (D:4)
  A gnoll sergeant (D:6)
  A scorpion (D:6)
  A howler monkey (D:6)
  2 jellies (D:6)
  A hound (D:6)
  An orc priest (D:3)
  5 iguanas
  2 sleepcaps (D:6)
  Natasha (thrice) (D:2)
  5 gnolls (D:6)
  5 adders
  A shadow imp (D:6)
  An ufetubus (D:6)
  A worm (D:2)
  4 dart slugs
  7 orcs
  7 endoplasms
  3 giant cockroaches
  5 goblins
  5 hobgoblins
  3 jackals (D:2)
  9 kobolds
  2 quokkas
  6 ball pythons
  2 bats
  A frilled lizard (D:1)
  3 rats
96 creatures vanquished.

Vanquished Creatures (others)
  A plant (D:8)
1 creature vanquished.

Grand Total: 97 creatures vanquished

Notes
Turn   | Place    | Note
-------+----------+-------------------------------------------
     0 | D:1      | Pimp the Armataur Fighter began the quest for the Orb.
     0 | D:1      | Reached XP level 1. HP: 19/19 MP: 1/1
   346 | D:1      | Reached XP level 2. HP: 26/26 MP: 2/2
   579 | D:1      | Identified a scroll of acquirement
   579 | D:1      | Acquired the +8 demon trident "Rift" {distort, reach+}
   579 | D:1      | Found the +8 demon trident "Rift" {distort, reach+}
   736 | D:2      | Noticed Natasha
   741 | D:2      | Killed Natasha
   742 | D:2      | Reached XP level 3. HP: 31/33 MP: 3/3
   896 | D:2      | Reached skill level 1 in Polearms
  1045 | D:2      | Noticed Natasha
  1051 | D:2      | Killed Natasha
  1052 | D:2      | Reached XP level 4. HP: 13/40 MP: 3/5
  1340 | D:2      | Noticed Natasha
  1347 | D:2      | Killed Natasha
  1348 | D:2      | Reached skill level 1 in Spellcasting
  1454 | D:3      | Found a shimmering altar of Xom.
  1489 | D:3      | Found a transporter.
  1510 | D:3      | Found a stormy altar of Qazlal.
  1649 | D:3      | Found a transporter.
  1762 | D:3      | Found a broken altar of Ashenzari.
  1776 | D:3      | Reached XP level 5. HP: 32/48 MP: 6/6
  2171 | D:4      | Noticed an ogre
  2177 | D:4      | Killed an ogre
  2183 | D:4      | Reached XP level 6. HP: 48/54 MP: 6/8
  2305 | D:4      | Found an ornate altar of the Wu Jian Council.
  2312 | D:4      | Reached skill level 5 in Armour
  2930 | D:5      | Entered Level 5 of the Dungeon
  2930 | D:5      | You fall into a shaft and drop 3 floors!
  2931 | D:8      | Noticed a water moccasin
  2939 | D:8      | Noticed a hornet
  2952 | D:8      | Killed a hornet
  2953 | D:8      | Reached XP level 7. HP: 28/63 MP: 10/10
  3386 | D:6      | Reached skill level 5 in Shields
  3439 | D:6      | Found Righy's Book Boutique.
  3445 | D:6      | Reached XP level 8. HP: 69/71 MP: 10/12
  3753 | D:6      | Found a sparkling altar of Nemelex Xobeh.
  4108 | D:7      | Noticed a hornet
  4108 | D:7      | Found a staircase to the Ecumenical Temple.
  4111 | D:7      | Noticed a manticore
  4125 | D:6      | Reached skill level 5 in Polearms
  4180 | D:7      | Noticed a troll
  4190 | D:6      | Reached skill level 5 in Fighting
  4236 | D:6      | Paralysed by a hornet for 3 turns
  4238 | D:6      | HP: 1/72 [manticore (13)]
  4238 | D:6      | Slain by a manticore

Illustrated notes

Levels and vault maps discovered:
D:1:      lightli_arrival_lavapool, layout_basic
D:2:      layout_loops_ring, uniq_natasha
D:3:      gammafunk_steamed_eel, layout_loops_cross,
          ashenzari_conservatory_becter, mainiacjoe_overflow_brackets,
          xom_teletrap_fun, serial_bayou_crossing
D:4:      layout_basic, nicolae_wu_jian_wuxing_cycle
D:5:      layout_basic, uniq_prince_ribbit1
D:6:      layout_basic, marbit_many_paths, serial_shops, nicolae_square_shop
D:7:      hangedman_cross_stitches, layout_basic, kiku_gazebo_pond_becter,
          mainiacjoe_overflow_catwalk_spiral,
          minmay_temple_entry_drinking_statues, grunt_potential
D:8:      minmay_tri_box, layout_cave_pools, tso_oasis_becter, serial_shops,
          nicolae_shop_waterfront, kennysheep_windowed_goal

Skill      XL: |  1  2  3  4  5  6  7  8 |
---------------+-------------------------+-----
Long Blades    | 2 |  2.0
Fighting       | 3 4 5 |  5.0
Armour         | 4 5 6 |  6.7
Polearms       | 1 2 3 4 5 |  5.2
Spellcasting   | 1 2 3 |  3.5
Shields        | 4 5 6 |  6.0

Action                     |  1- 3 |  4- 6 |  7- 9 || total
---------------------------+-------+-------+-------++-------
  Melee: Long sword        |    31 |       |       ||    31
         Tailslap          |     4 |     5 |     7 ||    16
         Demon trident     |    13 |    95 |    74 ||   182
    Use: Scroll            |     1 |     7 |     3 ||    11
         Potion            |       |     3 |       ||     3
 Armour: Scale mail        |    22 |    38 |    45 ||   105
  Dodge: Dodged            |     8 |    32 |    36 ||    76
  Block: Buckler           |     7 |    16 |    29 ||    52

Table legend: (Time is in decaauts)
 A = Elapsed time spent in this place.
 B = Non-inter-level travel time spent in this place.
 C = Inter-level travel time spent in this place.
 D = Time resting spent in this place.
 E = Time spent auto-exploring this place.
 F = Levels seen in this place.
 G = Mean time per level.
                   A        B        C        D        E       F      G
               +--------+--------+--------+--------+--------+-----+--------+
         Total |   4303 |   4143 |    160 |    487 |   2892 |   8 |  537.9 |
       Dungeon |   4303 |   4143 |    160 |    487 |   2892 |   8 |  537.9 |
               +--------+--------+--------+--------+--------+-----+--------+

Top non-repeatable levels by time:
     D:6: 994 daAuts
     D:4: 800 daAuts
     D:3: 736 daAuts
     D:2: 722 daAuts
     D:1: 716 daAuts
     D:8: 200 daAuts
     D:7: 132 daAuts
